 Dungeon Crawl Stone Soup version 0.30.1-11-g7821555f0a (webtiles) character file.

Game seed: 15942351618726779691

83 Groucho the Caller (level 4, 0/26 HPs)
             Began as a Deep Elf Summoner on Dec 5, 2023.
             Succumbed to a goblin's poison
             ... on level 2 of the Dungeon.
             The game lasted 00:14:14 (2926 turns).

Groucho the Caller (Deep Elf Summoner)              Turns: 2926, Time: 00:14:14

Health: 0/26       AC:  4    Str:  9    XL:     4   Next: 22%
Magic:  3/12       EV: 12    Int: 21    God:
Gold:   50         SH:  0    Dex: 14    Spells: 5/11 levels left

rFire   . . .        f - +0 mace
rCold   . . .        (no shield)
rNeg    . . .        a - +0 robe
rPois   .            c - +0 helmet
rElec   .            (no cloak)
rCorr   .            (no gloves)
SInv    .            n - +0 pair of boots
Will    .....        (no amulet)
Stlth   ++           (no ring)
HPRegen 0.24/turn    (no ring)
MPRegen 0.13/turn

%: no passive effects
@: lethally poisoned (0 -> -10), invisible
A: strong 1
a: no special abilities


You were on level 2 of the Dungeon.
You visited 1 branch of the dungeon, and saw 2 of its levels.

You collected 76 gold pieces.
You spent 26 gold pieces at shops.

Inventory:

Hand Weapons
 e - a +0 club
 f - a +0 mace (weapon)
Armour
 a - a +0 robe (worn)
 c - a +0 helmet (worn)
 n - a +0 pair of boots (worn)
Jewellery
 m - a ring of fire
Scrolls
 d - a scroll of torment {unknown}
 g - 2 scrolls of enchant weapon {unknown}
 j - 2 scrolls of fear {unknown}
 o - a scroll of magic mapping {unknown}
 p - a scroll of identify
 q - a scroll of noise {unknown}
Potions
 b - a potion of magic
 h - a potion of curing {unknown}
 i - a potion of berserk rage {unknown}


   Skills:
 - Level 2.0 Fighting
 + Level 2.7 Dodging
 - Level 2.4 Stealth
 - Level 4.0 Spellcasting
 - Level 5.0 Summonings


You had 5 spell levels left.
You knew the following spells:

 Your Spells              Type           Power      Damage    Failure   Level
a - Summon Small Mammal   Summ           100%       N/A       1%          1
b - Call Imp              Summ           50%        N/A       2%          2
c - Call Canine Familiar  Summ           25%        N/A       4%          3

Your spell library contained the following spells:

 Spells                   Type           Power      Damage    Failure   Level
 Summon Guardian Golem    Hex/Summ       14%        N/A       13%         3
 Summon Lightning Spire   Summ/Air       14%        N/A       38%         4
 Passage of Golubria      Tloc           4%         N/A       75%         4
 Silence                  Hex/Air        2%         N/A       97%         5
 Lehudib's Crystal Spear  Conj/Erth      2%         10d2      100%        8


Dungeon Overview and Level Annotations

Branches:
Dungeon (2/15)

Altars:

Shops:
D:2 =**


Innate Abilities, Weirdness & Mutations

Your muscles are strong. (Str +4, Int/Dex -1)


Message History

Training target 5.0 for Summonings reached!
Your Summonings skill increases to level 5!
You need to enable at least one skill for training.
You feel very sick.
Your hound barely misses the hobgoblin.
Your cerulean imp closely misses the goblin.
The goblin hits you but does no damage.
You are more poisoned.
Unknown command.
Okay, then.
Okay, then.
Unknown command.
Unknown command.
Unknown command.
f - a +0 mace (weapon)
You feel sick.
Your cerulean imp hits the goblin from afar with a -2 spear.
The goblin dies!
Unknown command.
Unknown command.
Unknown command.
Unknown command.
* * * LOW HITPOINT WARNING * * *
You feel very sick.
Your hound closely misses the hobgoblin.
Your cerulean imp hits the hobgoblin with a -2 spear.
You see here a +1 dagger of venom.
Unknown command.
Unknown command.
Unknown command.
You swap places.
* * * LOW HITPOINT WARNING * * *
You feel very sick. The hobgoblin hits your cerulean imp.
A hobgoblin comes into view.
Your hound bites the hobgoblin.
The hobgoblin dies!
Unknown command.
You fade into invisibility!
You die...

####.....##.####.# #..#
#.##.###......# ####.###
#. #.# ######## #.......
# #.# #.##.##. #.#
####.##.##. #.#
#.......<.. #.#
###.##.##.##.
#.#########.........##.
##....b@).r5h).##.......
#...##########g#########
#.....##..<....#
#...#.##.#####g#
########.##.##.#


#)).ggggg .........##.##.# ######### .#######..#.##.# ##......##
########.###.#.#### You could see a hobgoblin (strong, unable to see you, ally
target), a friendly hound (summoned), a friendly cerulean imp (summoned), a
friendly quokka (summoned) and a friendly bat (summoned).

Vanquished Creatures
  A goblin (D:1)
  2 hobgoblins
  A ball python (D:1)
  2 bats
  A frilled lizard (D:1)
  2 rats (D:1)
9 creatures vanquished.

Vanquished Creatures (collateral kills)
  Robin (D:2)
  2 adders (D:2)
  3 ball pythons
  4 bats (D:1)
  5 endoplasms
  3 giant cockroaches (D:1)
  5 goblins
  8 hobgoblins
  3 jackals (D:1)
  A quokka (D:1)
  A frilled lizard (D:1)
  2 kobolds
  2 rats (D:1)
40 creatures vanquished.

Grand Total: 49 creatures vanquished

Notes
Turn   | Place    | Note
-------+----------+-------------------------------------------
     0 | D:1      | Groucho the Deep Elf Summoner began the quest for the Orb.
     0 | D:1      | Reached XP level 1. HP: 10/10 MP: 6/6
    48 | D:1      | Reached skill level 1 in Fighting
   133 | D:1      | Reached XP level 2. HP: 16/16 MP: 6/8
   136 | D:1      | Learned a level 2 spell: Call Imp
  1055 | D:1      | Reached XP level 3. HP: 21/21 MP: 9/9
  2045 | D:2      | Learned a level 3 spell: Call Canine Familiar
  2084 | D:2      | Found Melom's General Store.
  2094 | D:2      | Bought a scroll of identify for 26 gold pieces
  2109 | D:2      | Found Qocior's General Store.
  2147 | D:2      | Found Libum's Jewellery Boutique.
  2894 | D:2      | Noticed Robin
  2906 | D:2      | Reached XP level 4. HP: 26/26 MP: 9/12
  2921 | D:2      | Gained mutation: Your muscles are strong. (Str +4, Int/Dex
                  | -1) [potion of mutation]
  2921 | D:2      | Killed Robin
  2922 | D:2      | Reached skill level 5 in Summonings
  2926 | D:2      | Succumbed to a goblin's poison

Illustrated notes

Levels and vault maps discovered:
D:1:      minmay_arrival_three_doors, layout_loops_ring, serial_forest,
          infiniplex_forest_lined_3_way, infiniplex_forest_clump_long,
          infiniplex_forest_corner_1, infiniplex_forest_lined_room_,
          infiniplex_forest_side_room, infiniplex_forest_split,
          infiniplex_forest_clump_curved, infiniplex_forest_zigzag_2,
          infiniplex_forest_lined_corner, infiniplex_forest_lined_corner,
          roderic_roman_lattice
D:2:      layout_loops_ring, serial_shops, nicolae_shop_tiny_real_fake_doors,
          shop, shop, uniq_robin

Skill      XL: |  1  2  3  4 |
---------------+-------------+-----
Fighting       | 1 2 |  2.0
Spellcasting   | 4 |  4.0
Summonings     | 5 |  5.0
Dodging        | |  2.7
Stealth        | |  2.4

Action                     |  1- 3 |  4- 6 || total
---------------------------+-------+-------++-------
  Melee: Unarmed           |     6 |       ||     6
         Mace              |    47 |       ||    47
   Cast: Summon Small Mamm |    46 |     3 ||    49
         Call Canine Famil |     4 |     1 ||     5
         Call Imp          |     2 |     1 ||     3
    Use: Potion            |       |     2 ||     2
   Stab: Sleeping          |     3 |       ||     3
 Armour: Robe              |    25 |     1 ||    26
  Dodge: Dodged            |    78 |     1 ||    79
